 Dungeon Crawl Stone Soup version 0.22.0-38-g04b72b8 (webtiles) character file.

5139 leisz the Fighter (level 10, -17/83 HPs)
             Began as a Demonspawn Fighter on Aug 31, 2018.
             Was a Priest of Qazlal.
             Demolished by a two-headed ogre
             ... wielding a +0 giant spiked club
              (31 damage)
             ... on level 9 of the Dungeon.
             The game lasted 00:29:22 (10307 turns).

leisz the Fighter (Demonspawn Fighter)             Turns: 10307, Time: 00:29:23

Health: -17/83     AC: 13    Str: 19    XL:     10   Next: 33%
Magic:  0/12       EV:  8    Int: 10    God:    Qazlal [***...]
Gold:   589        SH: 14    Dex: 13    Spells: 11/12 levels left

rFire    + . .     SeeInvis .   A - +0 short sword (venom)
rCold    . . .     Gourm    .   c - +0 shield
rNeg     + . .     Faith    .   b - +0 scale mail
rPois    +         Spirit   +   x - +2 hat
rElec    .         Reflect  .   g - +0 cloak {rPois}
rCorr    .         Harm     .   (no gloves)
MR       .....                  (no boots)
Stlth    ..........             (no amulet)
HPRegen  0.23/turn              C - ring of protection from fire
MPRegen  0.13/turn              n - ring of positive energy

@: no status effects
A: hooves 2, iridescent scales 1, magic shield
a: Upheaval, Elemental Force, Renounce Religion


You were on level 9 of the Dungeon.
You worshipped Qazlal.
Qazlal was most pleased with you.
You were very hungry.

You visited 1 branch of the dungeon, and saw 9 of its levels.

You collected 589 gold pieces.

Inventory:

Hand Weapons
 a - a +1 rapier
 o - a +3 great sword of freezing
 A - a +0 short sword of venom (weapon)
 G - a +1 dagger of electrocution
Missiles
 i - 255 stones (quivered)
Armour
 b - a +0 scale mail (worn)
 c - a +0 shield (worn)
 g - a +0 cloak of poison resistance (worn)
 x - a +2 hat (worn)
 H - a +1 cloak of invisibility
Jewellery
 j - an uncursed ring of protection from fire
 n - a ring of positive energy (right hand)
 u - an uncursed ring of fire
 C - a ring of protection from fire (left hand)
 F - an uncursed ring of magical power
Wands
 l - a wand of polymorph (10)
 z - a wand of acid (17)
 B - a wand of enslavement (10)
 E - a wand of digging (8)
 I - a wand of iceblast (16)
 J - a wand of random effects (53)
 M - a wand of disintegration (19)
Scrolls
 d - 4 scrolls of teleportation
 e - 2 scrolls of magic mapping
 s - 8 scrolls of remove curse
 y - a scroll of amnesia
 D - 2 scrolls of blinking {unknown}
 K - a scroll of vulnerability {unknown}
 L - 3 scrolls of identify
Potions
 h - 2 potions of haste {unknown}
 k - a potion of mutation {unknown}
 m - a potion of resistance {unknown}
 p - 4 potions of curing {unknown}
 q - 2 potions of agility {unknown}
 r - a potion of might
 t - 3 potions of berserk rage {unknown}
 v - a potion of flight {unknown}
 w - 3 potions of degeneration {unknown}
Comestibles
 f - 7 rations


   Skills:
 + Level 9.2 Fighting
 - Level 1.7 Short Blades
 + Level 8.4 Armour
 + Level 8.4 Shields
 - Level 1.6 Spellcasting
 - Level 1.6 Conjurations
 + Level 2.3 Invocations


You had 11 spell levels left.
You knew the following spells:

 Your Spells              Type           Power        Failure   Level  Hunger
a - Magic Dart            Conj           #...         69%         1    ##.....

Your spell library contained the following spells:

 Spells                   Type           Power        Failure   Level  Hunger
 Searing Ray              Conj           #.....       83%         2    ###....
 Sandblast                Erth           #.....       88%         1    ##.....
 Blink                    Tloc           N/A          96%         2    ###....
 Call Imp                 Summ           #.......     96%         2    ###....
 Passwall                 Tmut/Erth      #.......     96%         2    ###....
 Slow                     Hex            #.......     96%         2    ###....
 Conjure Flame            Conj/Fire      #.......     99%         3    ####...
 Dazzling Spray           Conj/Hex       #.....       99%         3    ####...
 Mephitic Cloud           Conj/Pois/Air  #.......     99%         3    ####...
 Stone Arrow              Conj/Erth      #.....       99%         3    ####...
 Force Lance              Conj/Tloc      #.......     100%        4    #####..
 Fulminant Prism          Conj/Hex       #.........   100%        4    #####..
 Iskenderun's Mystic Bla  Conj           #.......     100%        4    #####..
 Petrify                  Tmut/Erth      #.......     100%        4    #####..
 Lee's Rapid Deconstruct  Erth           #.........   100%        5    ######.


Dungeon Overview and Level Annotations

Branches:
Dungeon (9/15)             Temple (0/1) D:4
   Lair: D:8-11         Orc: D:9-12

Altars:
Ashenzari
Elyvilon
Fedhas
Gozag
Hepliaklqana
Kikubaaqudgha
Makhleb
Qazlal
Ru
Sif Muna
Wu Jian
Yredelemnul
Zin
The Shining One

Shops:
D:7 *!   D:8 *


Innate Abilities, Weirdness & Mutations

You have hoof-like feet.
You are partially covered in iridescent scales. (AC +2)
When hurt, damage is shared between your health and your magic reserves.


Message History

The two-headed ogre looks as sick as possible!
Your kick misses the two-headed ogre.
The two-headed ogre is heavily wounded.
You barely miss the two-headed ogre.
You kick the two-headed ogre, but do no damage.
The two-headed ogre is heavily wounded.
The two-headed ogre hits you with a giant spiked club!!
You block the two-headed ogre's attack.
You hit the two-headed ogre.
The two-headed ogre looks as sick as possible!
The two-headed ogre is heavily wounded.
The two-headed ogre hits you with a giant spiked club!!
* * * LOW HITPOINT WARNING * * *
The two-headed ogre hits you but does no damage.
You hit the two-headed ogre.
The two-headed ogre looks as sick as possible!
Your kick misses the two-headed ogre.
The two-headed ogre is severely wounded.
The two-headed ogre hits you with a giant spiked club!!
You die...

#.............# #....
#.............#####....
#......................
#............########..
#............#......#..
#......#####'#......#..
#......'............#..
#.....ยง#............#..
#.....@#....##......#).
#.....O#....##########.
#......#....##.......#.
#......#....##.......#.
#......#....##.......#.
#...#..#######.......#.
#...#..##### #.........
#...#..#.....#.........
#.....'.......##


You could see a two-headed ogre.

Vanquished Creatures
  2 two-headed ogres
  Maurice (D:8)
  Grinder (D:5)
  A hippogriff (D:7)
  Sigmund (D:2)
  Duvessa (D:6)
  An orc warrior (D:6)
  2 ogres
  A phantom (D:8)
  A centaur (D:9)
  2 big kobolds
  3 bullfrogs
  Dowan (D:6)
  A wyvern skeleton (D:7)
  3 scorpions
  5 killer bees
  8 wights (D:6)
  4 howler monkeys
  A bullfrog zombie (D:7)
  6 crimson imps
  2 hounds
  A quasit (D:9)
  4 orc priests
  Crazy Yiuf (D:5)
  2 centaur skeletons (D:4)
  A jelly (D:6)
  3 orc wizards
  Jessica (D:3)
  A bullfrog skeleton (D:5)
  An iguana (D:8)
  9 worker ants
  A howler monkey zombie (D:6)
  A worker ant zombie (D:8)
  10 adders
  3 oozes
  2 adder zombies
  2 adder skeletons
  4 worms
  A dart slug (D:1)
  3 leopard geckos
  12 orcs
  3 ball pythons
  8 bats
  6 giant cockroaches
  7 goblins
  6 hobgoblins
  8 jackals
  15 kobolds
  7 quokkas
  4 frilled lizards
  A leopard gecko zombie (D:6)
  7 rats
183 creatures vanquished.

Notes
Turn   | Place    | Note
-------+----------+-------------------------------------------
     0 | D:1      | leisz the Demonspawn Fighter began the quest for the Orb.
     0 | D:1      | Reached XP level 1. HP: 18/18 MP: 1/1
   128 | D:1      | Gained mutation: You have large cloven feet. [demonic ancestry]
   128 | D:1      | Reached XP level 2. HP: 22/24 MP: 2/2
   628 | D:1      | Reached XP level 3. HP: 29/29 MP: 3/3
  1383 | D:2      | Noticed Sigmund
  1401 | D:2      | Killed Sigmund
  1401 | D:2      | Reached skill level 4 in Fighting
  1401 | D:2      | Reached XP level 4. HP: 23/38 MP: 4/4
  1401 | D:2      | Gained mutation: When hurt, damage is shared between your health and your magic reserves. [demonic ancestry]
  1401 | D:2      | Reached XP level 5. HP: 26/43 MP: 5/5
  1754 | D:2      | Found a white marble altar of Elyvilon.
  1783 | D:2      | Found a stormy altar of Qazlal.
  1784 | D:2      | Found an ancient bone altar of Kikubaaqudgha.
  1828 | D:2      | Became a worshipper of Qazlal Stormbringer
  2392 | D:3      | Reached XP level 6. HP: 35/49 MP: 3/6
  2546 | D:3      | Reached * piety under Qazlal
  2927 | D:3      | Noticed Jessica
  2935 | D:3      | Killed Jessica
  3019 | D:4      | Found a glowing golden altar of the Shining One.
  3134 | D:4      | Found a hazy altar of Hepliaklqana.
  3207 | D:4      | Found a staircase to the Ecumenical Temple.
  3310 | D:4      | Found an opulent altar of Gozag.
  3627 | D:5      | Entered Level 5 of the Dungeon
  3636 | D:5      | Reached skill level 5 in Fighting
  3668 | D:5      | Found a sacrificial altar of Ru.
  3687 | D:5      | Found a shattered altar of Ashenzari.
  3695 | D:5      | Noticed Grinder
  4037 | D:5      | Paralysed by Grinder for 3 turns
  4043 | D:5      | Killed Grinder
  4043 | D:5      | Reached skill level 5 in Armour
  4043 | D:5      | Reached skill level 5 in Shields
  4043 | D:5      | Gained mutation: You have hoof-like feet. [demonic ancestry]
  4043 | D:5      | Reached XP level 7. HP: 27/56 MP: 4/7
  4291 | D:5      | Found a runed door.
  4316 | D:5      | Found a burning altar of Makhleb.
  4316 | D:5      | Noticed an Executioner
  4320 | D:5      | Found a glowing silver altar of Zin.
  4320 | D:5      | Noticed an angel
  4497 | D:5      | Noticed Crazy Yiuf
  4501 | D:5      | Killed Crazy Yiuf
  4610 | D:6      | Found a blossoming altar of Fedhas.
  4645 | D:6      | Noticed Duvessa
  4658 | D:6      | Killed Duvessa
  4658 | D:6      | Noticed Dowan
  4672 | D:6      | Killed Dowan
  4672 | D:6      | Reached skill level 6 in Fighting
  4760 | D:6      | Reached XP level 8. HP: 55/64 MP: 6/8
  5621 | D:6      | Found an ornate altar of the Wu Jian Council.
  5666 | D:7      | Noticed a hippogriff
  5680 | D:7      | Killed a hippogriff
  5963 | D:6      | Reached skill level 7 in Fighting
  6101 | D:6      | Reached ** piety under Qazlal
  6576 | D:7      | Gained mutation: You are partially covered in iridescent scales. (AC +2) [demonic ancestry]
  6576 | D:7      | Reached XP level 9. HP: 61/72 MP: 7/9
  7055 | D:7      | Found Hosead's Serpentskin Sales.
  7269 | D:7      | Found a deep blue altar of Sif Muna.
  7628 | D:7      | Found Wutej's Distillery.
  7952 | D:8      | Noticed a two-headed ogre
  7967 | D:8      | Killed a two-headed ogre
  7967 | D:8      | Reached skill level 8 in Fighting
  8063 | D:8      | Noticed Maurice
  8083 | D:8      | Killed Maurice
  8220 | D:8      | Found Urov's General Store.
  8963 | D:8      | Reached XP level 10. HP: 74/82 MP: 7/10
  8985 | D:8      | Reached *** piety under Qazlal
  9096 | D:8      | Learned a level 1 spell: Magic Dart
  9172 | D:8      | Reached skill level 9 in Fighting
  9346 | D:9      | Reached skill level 1 in Invocations
  9573 | D:8      | Reached skill level 1 in Conjurations
  9889 | D:9      | Found a basalt altar of Yredelemnul.
  9924 | D:9      | Noticed a two-headed ogre
  9950 | D:9      | Killed a two-headed ogre
  9950 | D:9      | Reached skill level 1 in Spellcasting
 10295 | D:9      | Noticed a two-headed ogre
 10307 | D:9      | Demolished by a two-headed ogre

Skill      XL: |  1  2  3  4  5  6  7  8  9 10 |
---------------+-------------------------------+-----
Armour         | 3 4 5 6 8 |  8.4
Shields        | 3 4 5 6 8 |  8.4
Fighting       | 4 5 6 7 8 9 |  9.2
Invocations    | 2 |  2.3
Conjurations   | 1 |  1.6
Spellcasting   | 1 |  1.6
Short Blades   | |  1.7

Action                   |  1- 3 |  4- 6 |  7- 9 | 10-12 || total
-------------------------+-------+-------+-------+-------++-------
Melee: Rapier            |   114 |   167 |   239 |       ||   520
       Kick              |    22 |    48 |   129 |    39 ||   238
       Short sword       |       |       |   157 |    99 ||   256
Throw: Stone             |       |       |     4 |       ||     4
Invok: Upheaval          |       |       |       |     2 ||     2
  Use: Potion            |     1 |       |     5 |       ||     6
       Scroll            |       |       |     9 |       ||     9
  Eat: Chunk             |     2 |     5 |     9 |       ||    16
       Ration            |       |     1 |     3 |       ||     4
Armor: Scale mail        |    62 |    60 |   136 |    38 ||   296
Dodge: Dodged            |    39 |    46 |   112 |    24 ||   221
Block: Shield            |    62 |    92 |   284 |    98 ||   536
